 Dungeon Crawl Stone Soup version 0.25-a0-578-gc91f01c39c (webtiles) character file.

Game seed: 7673961028858520959, levelgen mode: deterministic

25592 RedPan the Thaumaturge (level 13, -5/98 HPs)
             Began as a Gnoll Wanderer on Mar 5, 2020.
             Was a High Priest of Cheibriados.
             Slain by a dire elephant (21 damage)
             ... on level 4 of the Lair of Beasts.
             The game lasted 00:43:27 (17518 turns).

RedPan the Thaumaturge (Gnoll Wanderer)            Turns: 17518, Time: 00:43:27

Health: -5/98      AC: 20    Str: 30    XL:     13   Next: 20%
Magic:  23/28      EV: 15    Int: 26    God:    Cheibriados [*****.]
Gold:   696        SH:  0    Dex: 29    Spells: 21/35 levels left

rFire    . . .     SeeInvis .   C - +2 demon trident (flame)
rCold    + . .     Gourm    +   (no shield)
rNeg     . . .     Faith    .   S - +0 plate armour (curse)
rPois    .         Spirit   .   m - +0 hat
rElec    .         Reflect  .   O - +2 cloak
rCorr    .         Harm     .   i - +2 pair of gloves {Dex+3}
MR       .....                  (no boots)
Stlth    ..........             t - amulet of the gourmand
HPRegen  0.26/turn              n - +4 ring of slaying
MPRegen  0.21/turn              u - ring of protection from cold

@: about to teleport, studying Polearms, very slow
A: distributed training, fangs 1, strong nose
a: Bend Time, Temporal Distortion, Slouch, Step From Time, Renounce Religion


You were on level 4 of the Lair of Beasts.
You worshipped Cheibriados.
Cheibriados was extremely pleased with you.
You were very full.

You visited 3 branches of the dungeon, and saw 17 of its levels.
You also visited: Volcano.

You collected 1112 gold pieces.
You spent 416 gold pieces at shops.

Inventory:

Hand Weapons
 p - a +0 short sword of electrocution
 q - a +1 vorpal halberd
 r - a +1 vampiric long sword
 C - a +2 demon trident of flaming (weapon)
 L - a +0 scimitar of flaming
 N - a +1 vorpal bardiche
 Q - a +1 great mace of flaming
Missiles
 y - 6 curare-tipped darts (quivered)
Armour
 i - a +2 pair of gloves of dexterity (worn)
 m - a +0 hat (worn)
 H - a +1 plate armour of poison resistance
 I - +0 ice dragon scales
 J - a scarf of cloud immunity
 O - a +2 cloak (worn)
 P - +0 fire dragon scales
 S - a cursed +0 plate armour (worn)
Jewellery
 d - an uncursed ring of fire
 n - a +4 ring of slaying (left hand)
 t - an amulet of the gourmand (around neck)
 u - a ring of protection from cold (right hand)
 B - an uncursed ring of see invisible
 D - a +2 ring of evasion {unknown}
 G - an uncursed ring of ice
Wands
 F - a wand of paralysis (3)
Scrolls
 a - a scroll of holy word
 g - 2 scrolls of enchant armour
 l - 3 scrolls of teleportation
 v - 2 scrolls of fear
 w - 5 scrolls of amnesia
 E - a scroll of enchant weapon
 K - 2 scrolls of identify
 M - 4 scrolls of magic mapping
Potions
 b - 6 potions of brilliance
 c - 3 potions of cancellation
 h - 7 potions of lignification
 j - 2 potions of berserk rage
 k - 7 potions of curing
 o - 2 potions of magic {unknown}
 s - 2 potions of might {unknown}
 x - 3 potions of stabbing {unknown}
 z - 2 potions of flight {unknown}
 R - a potion of ambrosia {unknown}
Books
 A - a manual of Polearms
Comestibles
 f - 24 rations


   Skills:
 + Level 7.9 Fighting
 + Level 7.9 Short Blades
 + Level 7.9 Long Blades
 + Level 7.9 Axes
 + Level 7.9 Maces & Flails
 + Level 10.8 Polearms
 + Level 7.9 Staves
 + Level 7.9 Slings
 + Level 7.9 Bows
 + Level 7.9 Crossbows
 + Level 7.9 Throwing
 + Level 7.9 Armour
 + Level 7.9 Dodging
 + Level 7.9 Stealth
 + Level 8.4 Shields
 + Level 7.9 Unarmed Combat
 + Level 11.9 Spellcasting
 + Level 7.7 Conjurations
 + Level 6.6 Hexes
 + Level 6.6 Charms
 + Level 6.6 Summonings
 + Level 6.6 Necromancy
 + Level 7.0 Translocations
 + Level 7.0 Transmutations
 + Level 6.6 Fire Magic
 + Level 6.6 Ice Magic
 + Level 6.6 Air Magic
 + Level 6.6 Earth Magic
 + Level 6.6 Poison Magic
 + Level 8.7 Invocations
 + Level 8.4 Evocations


You had 21 spell levels left.
You knew the following spells:

 Your Spells              Type           Power        Failure   Level  Hunger
a - Magic Dart            Conj           ####         1%          1    None
b - Searing Ray           Conj           ######       1%          2    None
c - Iskenderun's Mystic   Conj/Tloc      ######..     14%         4    None
d - Fulminant Prism       Conj/Hex       ######....   16%         4    None
e - Lesser Beckoning      Tloc           ######....   4%          3    None

Your spell library contained the following spells:

 Spells                   Type           Power        Failure   Level  Hunger
 Animate Skeleton         Necr           N/A          1%          1    None
 Apportation              Tloc           ######       1%          1    None
 Pain                     Necr           ####         1%          1    None
 Summon Small Mammal      Summ           ####         1%          1    None
 Dazzling Flash           Conj/Hex       ######       4%          3    None
 Summon Guardian Golem    Hex/Summ       #####...     6%          3    None
 Vampiric Draining        Necr           #####.....   6%          3    None
 Animate Dead             Necr           N/A          21%         4    None
 Cause Fear               Hex            #####.....   21%         4    None
 Summon Lightning Spire   Summ/Air       #####...     21%         4    None
 Irradiate                Conj/Tmut      ######....   38%         5    ###....
 Yara's Violent Unravell  Hex/Tmut       ######....   45%         5    ###....
 Agony                    Necr           #####...     50%         5    ###....
 Silence                  Hex/Air        #####.....   50%         5    ###....
 Conjure Ball Lightning   Conj/Air       ######....   94%         6    #####..
 Hydra Form               Tmut           ######....   95%         6    #####..
 Statue Form              Tmut/Erth      ######...    96%         6    #####..
 Deflect Missiles         Chrm/Air       #####.....   97%         6    #####..
 Dragon Form              Tmut           ######....   100%        7    ######.
 Discord                  Hex            #####.....   100%        8    #######
 Tornado                  Air            #####.....   100%        9    #######


Dungeon Overview and Level Annotations

Branches:
Dungeon (11/15)            Temple (1/1) D:7            Lair (5/6) D:11
 Shoals (0/4) Lair:3       Spider (0/4) Lair:4      Volcano (visited)
  Slime: Lair:5-6       Orc: D:9-12

Altars:
Ashenzari
Cheibriados
Fedhas
Hepliaklqana
Kikubaaqudgha
Makhleb
Ru
Trog
Xom
Yredelemnul
Zin
The Shining One

Shops:
D:9 [

Annotations:
D:11 3 runed translucent doors, Hidamas's ghost, journeyman VSSk


Innate Abilities, Weirdness & Mutations

Your experience applies equally to all skills.
You have very sharp teeth.
Your uncanny sense of smell can sniff out nearby items.


Message History

You hit the dire elephant but do no damage.
The dire elephant is heavily wounded.
The dire elephant is no longer moving slowly.
The elephant tramples you but does no damage.
The elephant misses you.
Unknown command.
Okay, then.
Okay, then.
As you read the scroll of teleportation, it crumbles to dust.
You feel strangely unstable. The dire elephant barely misses you. x2
The elephant closely misses you.
The elephant trunk-slaps you but does no damage.
Unknown command.
The flow of time bends around you.
Cheibriados rebukes the dire elephant.
The dire elephant seems to slow down.
Cheibriados rebukes the elephant.
The elephant seems to slow down.
You feel slightly less full. The dire elephant tramples you!!
You die...

#≈≈≈
#♣♣≈≈≈♣PP≈≈≈≈≈≈≈≈≈.
#≈≈
♣≈≈≈♣♣≈.≈≈≈≈≈≈≈≈..
#≈≈
#♣≈P♣♣♣....≈≈≈≈...
#≈≈
#≈≈≈♣♣♣...........
≈≈
#≈≈≈P♣♣♣..........
#≈ ♣≈≈≈≈♣
♣........P♣ ###≈≈
♣≈≈≈♣♣ ♣♣♣.....♣♣♣
#≈≈≈≈##♣≈≈≈♣
♣.P..P♣
#≈≈≈≈≈#Y@≈≈♣
♣♣♣P♣♣♣
#≈≈≈;;'Y≈≈♣♣ ♣♣♣♣♣♣
#######♣♣♣♣
♣♣♣♣♣♣♣♣♣.♣#
♣♣♣♣.....♣.♣..#
♣.....P....#..#
#.#...........#
#.###.#....P.#. #.#
##......### #.##
##.#...# #


You could see a dire elephant, an elephant and 2 electric eels.

Vanquished Creatures
  Gastronok (Lair:2)
  A red draconian (Volcano)
  Josephine (D:10)
  A hydra (Lair:1)
  A salamander mystic (Volcano)
  A wolf spider (Lair:4)
  4 salamanders (Volcano)
  A black mamba (Lair:4)
  Joseph (D:10)
  2 molten gargoyles (Volcano)
  4 komodo dragons
  2 trolls
  3 jumping spiders (Lair:4)
  A queen bee (D:9)
  2 polar bears
  Prince Ribbit (D:6)
  7 hippogriffs
  Sigmund (D:6)
  A spriggan (Lair:5)
  A wyvern (D:10)
  22 yaks
  2 fire bats (Volcano)
  5 wraiths (D:10)
  A basilisk (Lair:4)
  A hungry ghost (D:7)
  An acid dragon (D:9)
  4 water moccasins
  8 porcupines
  6 ice beasts
  A hornet zombie (D:5)
  6 orc warriors
  A phantom (D:10)
  2 sky beasts
  3 black bears
  A necrophage (D:11)
  3 wolves
  4 centaurs
  4 ogres
  7 crocodiles
  9 bullfrogs
  A big kobold (D:11)
  4 scorpions
  17 killer bees
  3 howler monkeys
  4 crimson imps
  A centaur zombie (D:8)
  5 lava snakes (Volcano)
  2 jellies
  6 hounds
  5 centaur skeletons
  4 orc priests
  A bullfrog skeleton (D:10)
  3 iguanas
  15 orc wizards
  7 worker ants
  4 hound zombies
  2 hound skeletons (D:5)
  2 worker ant zombies (D:11)
  6 gnolls
  19 adders
  3 shadow imps
  An adder zombie (D:9)
  3 worms
  A dart slug (D:1)
  3 leopard geckos
  39 orcs
  5 giant cockroaches
  3 goblins
  7 hobgoblins
  11 jackals
  14 kobolds
  4 quokkas
  A ball python (D:8)
  4 bats
  6 frilled lizards
  A leopard gecko skeleton (D:9)
  3 rats (D:1)
  A fulminant prism (Lair:2)
349 creatures vanquished.

Vanquished Creatures (others)
  An orc (D:10)
  A fulminant prism (Lair:2)
  13 fungi
  6 plants (Lair:4)
  5 toadstools (Lair:4)
26 creatures vanquished.

Grand Total: 375 creatures vanquished

Notes
Turn   | Place    | Note
-------+----------+-------------------------------------------
     0 | D:1      | Reached skill level 9 in Spellcasting
     0 | D:1      | RedPan the Gnoll Wanderer began the quest for the Orb.
     0 | D:1      | RedPan set off with the following items: a +0 dagger, a +0
                  | robe, a ration; and the following spells available to
                  | memorise: Magic Dart, Searing Ray, Apportation, Summon
                  | Small Mammal, Lesser Beckoning, Dazzling Flash, Summon
                  | Guardian Golem, Iskenderun's Mystic Blast, Fulminant Prism
     0 | D:1      | Reached XP level 1. HP: 13/13 MP: 10/10
     2 | D:1      | Learned a level 1 spell: Magic Dart
   196 | D:1      | Reached XP level 2. HP: 19/19 MP: 10/12
   295 | D:1      | Learned a level 2 spell: Searing Ray
   442 | D:1      | Reached XP level 3. HP: 21/25 MP: 1/13
  1038 | D:2      | Reached skill level 1 in Invocations
  1221 | D:2      | Reached skill level 1 in Fighting
  1221 | D:2      | Reached skill level 1 in Short Blades
  1221 | D:2      | Reached skill level 1 in Long Blades
  1221 | D:2      | Reached skill level 1 in Axes
  1221 | D:2      | Reached skill level 1 in Maces & Flails
  1221 | D:2      | Reached skill level 1 in Polearms
  1221 | D:2      | Reached skill level 1 in Staves
  1221 | D:2      | Reached skill level 1 in Slings
  1221 | D:2      | Reached skill level 1 in Bows
  1221 | D:2      | Reached skill level 1 in Crossbows
  1221 | D:2      | Reached skill level 1 in Throwing
  1221 | D:2      | Reached skill level 1 in Armour
  1221 | D:2      | Reached skill level 1 in Dodging
  1221 | D:2      | Reached skill level 1 in Stealth
  1221 | D:2      | Reached skill level 1 in Unarmed Combat
  1529 | D:3      | Reached XP level 4. HP: 32/32 MP: 13/15
  1535 | D:3      | Learned a level 4 spell: Iskenderun's Mystic Blast
  1540 | D:3      | Learned a level 4 spell: Fulminant Prism
  1608 | D:3      | Found a shattered altar of Ashenzari.
  1613 | D:3      | Saw a vision of the Shoals and the Spider Nest.
  1613 | D:3      | Noticed a merfolk siren
  1613 | D:3      | Noticed a merfolk siren
  1613 | D:3      | Noticed a wolf spider
  1613 | D:3      | Noticed a sea snake
  1613 | D:3      | Noticed a redback
  1613 | D:3      | Noticed a merfolk siren
  1613 | D:3      | Noticed a wolf spider
  1614 | D:3      | Noticed a merfolk
  1614 | D:3      | Noticed a redback
  1614 | D:3      | Noticed a merfolk
  1615 | D:3      | Noticed a redback
  1615 | D:3      | Noticed a merfolk
  1656 | D:3      | Reached skill level 1 in Hexes
  1656 | D:3      | Reached skill level 1 in Charms
  1656 | D:3      | Reached skill level 1 in Summonings
  1656 | D:3      | Reached skill level 1 in Necromancy
  1656 | D:3      | Reached skill level 1 in Fire Magic
  1656 | D:3      | Reached skill level 1 in Ice Magic
  1656 | D:3      | Reached skill level 1 in Air Magic
  1656 | D:3      | Reached skill level 1 in Earth Magic
  1656 | D:3      | Reached skill level 1 in Poison Magic
  1831 | D:3      | Reached XP level 5. HP: 37/37 MP: 8/16
  2128 | D:3      | Found a glowing silver altar of Zin.
  2573 | D:4      | Reached XP level 6. HP: 44/44 MP: 10/18
  2651 | D:4      | Noticed an ice beast
  2946 | D:5      | Entered Level 5 of the Dungeon
  3245 | D:5      | Reached XP level 7. HP: 50/50 MP: 16/20
  4492 | D:6      | Noticed Sigmund
  4503 | D:6      | Killed Sigmund
  4503 | D:6      | Reached XP level 8. HP: 57/57 MP: 6/21
  5298 | D:6      | Noticed Prince Ribbit
  5315 | D:6      | Killed Prince Ribbit
  5660 | D:7      | Found a staircase to the Ecumenical Temple.
  5707 | Temple   | Entered the Ecumenical Temple
  5730 | Temple   | Became a worshipper of Cheibriados the Contemplative
  6032 | D:7      | Reached skill level 10 in Spellcasting
  6032 | D:7      | Reached XP level 9. HP: 65/65 MP: 10/23
  6101 | D:7      | Reached skill level 5 in Conjurations
  6751 | D:8      | Reached * piety under Cheibriados
  6918 | D:8      | Reached skill level 5 in Polearms
  6996 | D:8      | Reached skill level 5 in Shields
  6996 | D:8      | Reached skill level 5 in Evocations
  7878 | D:8      | Noticed a lindwurm
  7879 | D:8      | Noticed a lindwurm
  7881 | D:8      | Noticed a lindwurm
  7893 | D:8      | Noticed a lindwurm
  8171 | D:9      | Reached ** piety under Cheibriados
  8171 | D:9      | Reached skill level 5 in Invocations
  8274 | D:9      | Reached XP level 10. HP: 54/73 MP: 12/24
  8835 | D:9      | Reached skill level 5 in Fighting
  8835 | D:9      | Reached skill level 5 in Short Blades
  8835 | D:9      | Reached skill level 5 in Long Blades
  8835 | D:9      | Reached skill level 5 in Axes
  8835 | D:9      | Reached skill level 5 in Maces & Flails
  8835 | D:9      | Reached skill level 5 in Staves
  8835 | D:9      | Reached skill level 5 in Slings
  8835 | D:9      | Reached skill level 5 in Bows
  8835 | D:9      | Reached skill level 5 in Crossbows
  8835 | D:9      | Reached skill level 5 in Throwing
  8835 | D:9      | Reached skill level 5 in Armour
  8835 | D:9      | Reached skill level 5 in Dodging
  8835 | D:9      | Reached skill level 5 in Stealth
  8835 | D:9      | Reached skill level 5 in Unarmed Combat
  8887 | D:9      | Found Toutru's Armour Emporium.
  8909 | D:9      | Bought a +1 plate armour of poison resistance for 416 gold
                  | pieces
  9234 | D:10     | Entered Level 10 of the Dungeon
  9314 | D:10     | Reached *** piety under Cheibriados
  9683 | D:10     | Reached skill level 5 in Translocations
  9683 | D:10     | Reached skill level 5 in Transmutations
  9929 | D:10     | Learned a level 3 spell: Lesser Beckoning
 10140 | D:10     | Noticed Josephine
 10163 | D:10     | Killed Josephine
 10163 | D:10     | Reached XP level 11. HP: 43/81 MP: 25/25
 10634 | D:10     | Noticed Joseph
 10644 | D:10     | Killed Joseph
 10644 | D:10     | Reached skill level 5 in Hexes
 10644 | D:10     | Reached skill level 5 in Charms
 10644 | D:10     | Reached skill level 5 in Summonings
 10644 | D:10     | Reached skill level 5 in Necromancy
 10644 | D:10     | Reached skill level 5 in Fire Magic
 10644 | D:10     | Reached skill level 5 in Ice Magic
 10644 | D:10     | Reached skill level 5 in Air Magic
 10644 | D:10     | Reached skill level 5 in Earth Magic
 10644 | D:10     | Reached skill level 5 in Poison Magic
 11204 | D:11     | Reached skill level 11 in Spellcasting
 11235 | D:11     | Reached **** piety under Cheibriados
 11681 | D:11     | Found a staircase to the Lair.
 11912 | D:11     | Reached ***** piety under Cheibriados
 12198 | D:11     | Found a runed translucent gate.
 12199 | D:11     | Found a runed translucent gate.
 12234 | D:11     | Found a runed translucent gate.
 12236 | D:11     | Noticed an 11-headed hydra
 12236 | D:11     | Noticed a 12-headed hydra
 12236 | D:11     | Noticed Hidamas's ghost (journeyman VSSk)
 12285 | Lair:1   | Entered Level 1 of the Lair of Beasts
 13025 | Lair:1   | Noticed a seven-headed hydra
 13031 | Lair:1   | Killed a ten-headed hydra
 13093 | Lair:1   | Reached XP level 12. HP: 89/89 MP: 27/27
 13168 | Lair:2   | Noticed Gastronok
 13185 | Lair:2   | HP: 3/89 [Gastronok (4)]
 13190 | Lair:2   | Killed Gastronok
 13427 | Lair:2   | Found a dark tunnel.
 13436 | Volcano  | Entered a volcano
 14123 | Volcano  | Found a burning altar of Makhleb.
 14866 | Volcano  | Noticed a red draconian
 14879 | Volcano  | Killed a red draconian
 14879 | Volcano  | Reached skill level 10 in Polearms
 15820 | Lair:3   | Found a staircase to the Shoals.
 15941 | Lair:3   | You fall into a shaft and drop 2 floors!
 16598 | Lair:4   | Reached XP level 13. HP: 98/98 MP: 28/28
 16785 | Lair:4   | Found a hole to the Spider Nest.
 17319 | Lair:4   | Noticed a dire elephant
 17340 | Lair:4   | Found a runed translucent door.
 17518 | Lair:4   | Slain by a dire elephant

Levels and vault maps discovered:
D:1:      lordsloth_arrival_two_stooges, layout_rooms
D:2:      layout_loops_cross
D:3:      layout_loops_ring, lemuel_crystal_altar, first_ration,
          grunt_ashenzari_visionary [grunt_ashenzari_visionary_shoals,
          grunt_ashenzari_visionary_spider]
D:4:      layout_basic, minmay_misc_feat_more_columns, lightli_corner_chamber
D:5:      layout_gridville, minmay_manual_mess
D:6:      layout_gridville, uniq_sigmund, uniq_prince_ribbit1
D:7:      layout_basic, temple_pool_b
D:8:      layout_basic, minmay_lindwurm_lava
D:9:      layout_rooms, serial_shops, shop
D:10:     layout_cave_pods, david_nohive_1, uniq_josephine, uniq_joseph
D:11:     layout_gridville, due_lair_maze_entry_diamond,
          gammafunk_ghost_hydra_chop, minmay_hedge_maze, kennysheep_small_square
Temple:   grunt_wide_crystal_templ
Lair:1:   layout_cave_pods
Lair:2:   layout_regular_city, nicolae_volcano_entry_lava_flow, st_stairs_3,
          small_statue_intersection, uniq_gastronok
Lair:3:   layout_misc_corridors, shoals_dummy_entry, st_stairs_6,
          grunt_megastairs_3, lemuel_fruit_tree
Lair:4:   gammafunk_lair_enchanted_lake, layout_loops_ring,
          spider_nest_entry_funnel_web, grunt_forest_stairs_clearing
Lair:5:   layout_gridlike, grunt_megastairs_5

Skill      XL: |  1  2  3  4  5  6  7  8  9 10 11 12 13 |
---------------+----------------------------------------+-----
Spellcasting   | 10 11 | 11.9
Translocations | 2 3 4 5 6 7 |  7.0
Transmutations | 2 3 4 5 6 7 |  7.0
Invocations    | 1 2 3 4 5 6 7 8 |  8.7
Fighting       | 1 2 3 4 5 6 7 |  7.9
Short Blades   | 1 2 3 4 5 6 7 |  7.9
Long Blades    | 1 2 3 4 5 6 7 |  7.9
Axes           | 1 2 3 4 5 6 7 |  7.9
Maces & Flails | 1 2 3 4 5 6 7 |  7.9
Polearms       | 1 2 3 4 6 7 9 10 | 10.8
Staves         | 1 2 3 4 5 6 7 |  7.9
Slings         | 1 2 3 4 5 6 7 |  7.9
Bows           | 1 2 3 4 5 6 7 |  7.9
Crossbows      | 1 2 3 4 5 6 7 |  7.9
Throwing       | 1 2 3 4 5 6 7 |  7.9
Armour         | 1 2 3 4 5 6 7 |  7.9
Dodging        | 1 2 3 4 5 6 7 |  7.9
Stealth        | 1 2 3 4 5 6 7 |  7.9
Unarmed Combat | 1 2 3 4 5 6 7 |  7.9
Hexes          | 1 2 3 4 5 6 |  6.6
Charms         | 1 2 3 4 5 6 |  6.6
Summonings     | 1 2 3 4 5 6 |  6.6
Necromancy     | 1 2 3 4 5 6 |  6.6
Fire Magic     | 1 2 3 4 5 6 |  6.6
Ice Magic      | 1 2 3 4 5 6 |  6.6
Air Magic      | 1 2 3 4 5 6 |  6.6
Earth Magic    | 1 2 3 4 5 6 |  6.6
Poison Magic   | 1 2 3 4 5 6 |  6.6
Shields        | 3 4 5 6 7 8 |  8.4
Evocations     | 3 4 5 6 7 8 |  8.4
Conjurations   | 4 5 6 7 |  7.7

Action                   |  1- 3 |  4- 6 |  7- 9 | 10-12 | 13-15 || total
-------------------------+-------+-------+-------+-------+-------++-------
Melee: Short sword       |       |    27 |    50 |       |       ||    77
       Dagger            |       |     1 |       |       |       ||     1
       Bite              |       |     3 |    18 |   128 |    12 ||   161
       Punch             |       |       |     2 |    21 |     5 ||    28
       Long sword        |       |       |    56 |   347 |       ||   403
       Bardiche          |       |       |       |   118 |       ||   118
       Demon trident     |       |       |       |    81 |    65 ||   146
Throw: Dart              |       |       |     2 |     6 |     1 ||     9
 Cast: Magic Dart        |    58 |    84 |   218 |     9 |       ||   369
       Searing Ray       |     6 |    12 |    69 |     7 |       ||    94
       Iskenderun's Myst |       |       |       |     2 |       ||     2
       Fulminant Prism   |       |       |       |     2 |       ||     2
       Lesser Beckoning  |       |       |       |     1 |       ||     1
Invok: Bend Time         |       |       |       |    14 |     3 ||    17
       Slouch            |       |       |       |     3 |       ||     3
Evoke: Wand              |       |       |       |     6 |       ||     6
  Use: Scroll            |     3 |     5 |     6 |     5 |     1 ||    20
       Potion            |       |       |       |     3 |     1 ||     4
 Stab: Sleeping          |       |       |     2 |       |       ||     2
       Paralysed         |       |       |       |     8 |       ||     8
  Eat: Chunk             |     1 |    14 |    14 |    12 |       ||    41
       Ration            |       |       |       |     1 |       ||     1
Armor: Robe              |     7 |    14 |    20 |       |       ||    41
       Ring mail         |       |       |    16 |    15 |       ||    31
       Plate armour      |       |       |       |   333 |    44 ||   377
Dodge: Dodged            |    17 |    51 |   129 |   431 |    63 ||   691
       Rpst.: Long sword |       |       |    20 |    71 |       ||    91

Table legend:
 A = Non-vault XP
 B = Vault XP
 C = Vault XP percentage of total XP
 D = Non-vault monster count
 E = Vault monster count
 F = Vault count percentage of total count
                 A         B        C        D         E       F
            +---------+---------+-------+---------+---------+-------
      Total |   19662 |   16898 |  46.2 |     282 |      66 |  19.0
            +---------+---------+-------+---------+---------+-------
        D:1 |      38 |       0 |   0.0 |      22 |       0 |   0.0
        D:2 |      43 |       0 |   0.0 |      10 |       0 |   0.0
        D:3 |      94 |       0 |   0.0 |      17 |       0 |   0.0
        D:4 |     162 |       0 |   0.0 |      13 |       0 |   0.0
        D:5 |     621 |      92 |  12.9 |      23 |       3 |  11.5
        D:6 |     368 |     504 |  57.8 |      15 |       2 |  11.8
        D:7 |     727 |       0 |   0.0 |      17 |       0 |   0.0
        D:8 |    1461 |       0 |   0.0 |      24 |       0 |   0.0
        D:9 |    2017 |     301 |  13.0 |      31 |       1 |   3.1
       D:10 |    1955 |    3214 |  62.2 |      22 |      18 |  45.0
       D:11 |    2680 |    1537 |  36.4 |      43 |      13 |  23.2
     Lair:1 |    2660 |       0 |   0.0 |       9 |       0 |   0.0
     Lair:2 |    1925 |    2234 |  53.7 |      13 |       1 |   7.1
     Lair:3 |    1509 |       0 |   0.0 |       8 |       0 |   0.0
     Lair:4 |    2734 |    2548 |  48.2 |      12 |       8 |  40.0
     Lair:5 |     668 |     882 |  56.9 |       3 |       5 |  62.5
    Volcano |       0 |    5586 | 100.0 |       0 |      15 | 100.0
            +---------+---------+-------+---------+---------+-------
